 Dungeon Crawl Stone Soup version 0.27.1-16-g815e20cd7a (webtiles) character file.

Game seed: 4116257936848527539

24 Descartes the Grasshopper (level 2, -12/13 HPs)
             Began as a Felid Warper on Nov 23, 2021.
             Mangled by Sigmund (14 damage)
             ... on level 2 of the Dungeon.
             The game lasted 00:03:33 (1240 turns).

Descartes the Grasshopper (Felid Warper)            Turns: 1240, Time: 00:03:34

Health: -12/13     AC:  1    Str:  7    XL:     2   Next: 79%
Magic:  6/6        EV: 18    Int: 14    God:
Gold:   56         SH:  0    Dex: 15    Spells: 3/5 levels left
                                        Lives:  0   Deaths: 0

rFire    . . .     SeeInvis +     - Unarmed
rCold    . . .     Faith    .   (shield unavailable)
rNeg     . . .     Spirit   .   (armour unavailable)
rPois    .         Reflect  .   (helmet unavailable)
rElec    .         Harm     .   (cloak unavailable)
rCorr    .         Rampage  .   (gloves unavailable)
Will     .....                  (boots unavailable)
Stlth    +.........             (no amulet)
HPRegen  0.04/turn              (no ring)
MPRegen  0.10/turn              (no ring)

@: unable to read, quick
A: very small, claws 1, fangs 3, see invisible, speed 1, shaggy fur 1, stealthy
paws, no weapons or thrown items, no armour, multi-lived, inability to read
while threatened
a: no special abilities


You were on level 2 of the Dungeon.
You visited 1 branch of the dungeon, and saw 2 of its levels.

You collected 56 gold pieces.

Inventory:

Missiles
 c - 21 stones
Scrolls
 a - 2 scrolls of blinking
 f - 2 scrolls of identify {unknown}
Potions
 b - a potion of might {unknown}
 d - a potion of mutation
 e - a potion of flight {unknown}


   Skills:
 - Level 2.0 Fighting
 * Level 4.1 Dodging
 + Level 2.3 Unarmed Combat
 - Level 2.0 Spellcasting
 + Level 4.8 Translocations


You had 3 spell levels left.
You knew the following spells:

 Your Spells              Type           Power      Damage    Failure   Level
a - Blink                 Tloc           N/A        N/A       4%          2

Your spell library contained the following spells:

 Spells                   Type           Power      Damage    Failure   Level
 Gell's Gravitas          Tloc           7%         N/A       10%         3
 Lesser Beckoning         Tloc           7%         N/A       10%         3
 Teleport Other           Tloc           15%        N/A       10%         3
 Manifold Assault         Tloc           15%        N/A       65%         5


Dungeon Overview and Level Annotations

Branches:
Dungeon (2/15)

Altars:

Annotations:
D:2 Sigmund


Innate Abilities, Weirdness & Mutations

You have sharp claws.
You have razor-sharp teeth.
You have supernaturally acute eyesight. (SInv)
You cover ground quickly. (Speed+)
You are covered in fur. (AC +1)
Your paws help you pounce on unaware monsters.
You are incapable of wielding weapons or throwing items.
You cannot wear armour.
You gain extra lives every three experience levels.
You sometimes lose the ability to read scrolls when taking damage.


Message History

No target in view!
No target in view!
Found an embroidered scarf.
You see here a scarf of invisibility.
You see here a scarf of invisibility.
There is a stone staircase leading down here.
Found an inky potion.
Found a dagger.
e - an inky potion Done exploring.
Done exploring.
Search for what [? for help]? ..
Done exploring.
There is an escape hatch in the floor here.
You slide downwards.
The hatch slams shut behind you.
Found a ring mail.
Sigmund the Dreaded comes into view.
He is wielding a +0 scythe.
Sigmund shouts!
Sigmund mumbles some strange words.
Sigmund flickers and vanishes for a moment.
Sigmund is nearby!
Found 2 scrolls labelled JUNNY ZOEKU.
f - 2 scrolls labelled JUNNY ZOEKU Sigmund is nearby!
Sigmund hits you from afar with a +0 scythe.
You barely miss Sigmund. Your bite misses Sigmund. Sigmund misses you.
You scratch Sigmund.
Sigmund is lightly wounded.
You scratch Sigmund.
Sigmund is lightly wounded.
Sigmund hits you with a +0 scythe!
Ouch! That really hurt!
* * * LOW HITPOINT WARNING * * *
You are too injured to fight recklessly!
It was a potion of mutation.
You feel extremely strange.
You lose the ability to read scrolls when threatened.
Sigmund hits you with a +0 scythe!
You feel threatened and lose the ability to read scrolls!
Ouch! That really hurt!
You die...

#....# #....#
#....# #....#
#....# #....#
.######....###
.............#
.##....@...#.#
#...@....#.#
...#
#........#.#
....
#........#.#
@...
#.....####.#
.... ##.....#
#.# ....
#.....# #.#
....
#######.....#
#.# ####....
#...........#
#.# #.......


You could see Sigmund (invisible).

Vanquished Creatures
  A dart slug (D:1)
  A bat (D:1)
  2 endoplasms (D:1)
  A giant cockroach (D:1)
  2 goblins (D:1)
  4 hobgoblins (D:1)
  A kobold (D:1)
  2 quokkas (D:1)
  3 ball pythons (D:1)
  A frilled lizard (D:1)
18 creatures vanquished.

Notes
Turn   | Place    | Note
-------+----------+-------------------------------------------
     0 | D:1      | Descartes the Felid Warper began the quest for the Orb.
     0 | D:1      | Reached XP level 1. HP: 9/9 MP: 4/4
   356 | D:1      | Found a faded altar of an unknown god.
   384 | D:1      | Reached XP level 2. HP: 11/13 MP: 6/6
   905 | D:1      | Learned a level 2 spell: Blink
  1185 | D:2      | Noticed Sigmund
  1240 | D:2      | Gained mutation: You sometimes lose the ability to read
                  | scrolls when taking damage. [potion of mutation]
  1240 | D:2      | Mangled by Sigmund

Illustrated notes

Levels and vault maps discovered:
D:1:      scummos_arrival_star, layout_loops_ring,
          hellmonk_ecumenical_altar_leap_of_faith, grunt_decor_arrowhead,
          minmay_curled_crystal
D:2:      layout_basic, uniq_jessica, uniq_sigmund

Skill      XL: |  1  2 |
---------------+-------+-----
Dodging        | 4 |  4.1
Fighting       | |  2.0
Unarmed Combat | |  2.3
Spellcasting   | |  2.0
Translocations | |  4.8

Action                   || total
-------------------------++-------
Melee: Unarmed           ||    61
       Bite              ||     4
  Use: Potion            ||     1
 Stab: Sleeping          ||     2
Armor: Skin              ||     5
Dodge: Dodged            ||    47
